 Dungeon Crawl Stone Soup version 0.31-a0-614-gc85dc1c48c (webtiles) character file.

Game seed: 98601366896722186

578141 eye the Sorcerer (level 27, 198/224 HPs)
             Began as a Meteoran Earth Elementalist on Aug 18, 2023.
             Was the Champion of Kikubaaqudgha.
             Quit the game on level 4 of the Realm of Zot on Aug 22, 2023.
             The game lasted 03:56:38 (12000 turns).

eye the Sorcerer (Meteoran Earth Elementalist)     Turns: 12000, Time: 03:56:38

Health: 198/224    AC: 12    Str: 16    XL:     27
Magic:  49/52      EV: 24    Int: 37    God:    Kikubaaqudgha [******]
Gold:   25         SH:  0    Dex: 23    Spells: 6/74 levels left

rFire   + + +        Y - staff "Disuusun" {Str+4 SInv Conj}
rCold   + + .        Z - orb {light}
rNeg    + + +        o - +3 troll leather armour
rPois   ∞            A - +1 hat "Joid" {Contam rElec rPois rCorr}
rElec   +            j - scarf {rC+ rF+}
rCorr   +            X - +0 pair of gloves "Soef Mis" {rPois rF++ Int+2 Dex-2}
SInv    +            C - +2 pair of boots
Will    ++++.        G - amulet of magic regeneration
Stlth   +            c - ring "Mananuam" {rElec rPois Dex+6 Stlth-}
HPRegen 1.37/turn    P - ring "Sucosogi" {Str+2 Int+6}
MPRegen 0.73/turn

%: no passive effects
@: death-form, glowing, studying Earth Magic
A: vile attack, torment immunity, no potions, sense surroundings 3,
otherworldly, glowing, explore regen
}: 5/15 runes: decaying, slimy, silver, abyssal, gossamer
a: Siphon Essence, Begin Untransformation, Renounce Religion, Unearth Wretches,
Torment


You were on level 4 of the Realm of Zot.
You worshipped Kikubaaqudgha.
Kikubaaqudgha was exalted by your worship.
You were an undying horror.
You visited 10 branches of the dungeon, and saw 49 of its levels.
You visited the Abyss 1 time.
You visited 1 ziggurat, and saw 16 of its levels.
You also visited: Ossuary, Bailey, Gauntlet and Ice Cave.

You collected 2864 gold pieces.
You spent 2839 gold pieces at shops.

Inventory:

Hand Weapons
 s - a +5 demon blade of distortion
Missiles
 B - 2 curare-tipped darts
 M - 2 throwing nets
Armour
 j - a scarf of resistance (worn)
 o - a +3 troll leather armour (worn)
 A - the +1 hat "Joid" (worn) {Contam rElec rPois rCorr}
   (You found it on level 4 of a ziggurat)

   rElec:     It insulates you from electricity.
   rPois:     It protects you from poison Contam: It causes magical
   contamination when unequipped.
   rCorr:     It protects you from acid and corrosion.
 C - a +2 pair of boots (worn)
 K - the sphere of Battle
   (You found it on level 14 of a ziggurat)

   Battle:    It summons a battlesphere in combat, with strength depending on
   Conjurations skill.
   Destructive: It enhances your destructive magic, and weakens non-destructive
   magic.
 U - the +1 cloak of the Carpenter {Fly MP+9 Int+4 Dex-5}
   (You found it in a Gauntlet)

   Int+4:     It affects your intelligence (+4).
   Dex-5:     It affects your dexterity (-5).
   MP+9:      It affects your magic capacity (+9).
   Fly:       It grants you flight.
 X - the +0 pair of gloves "Soef Mis" (worn) {rPois rF++ Int+2 Dex-2}
   (You acquired it on level 3 of the Swamp)

   Int+2:     It affects your intelligence (+2).
   Dex-2:     It affects your dexterity (-2).
   rF++:      It greatly protects you from fire.
   rPois:     It protects you from poison
 Z - an orb of light (worn)
Magical Staves
 a - a staff of earth
 N - the staff of Building Evisceration {*Corrode rF+ Dex+4 Fire}
   (You found it on level 5 of the Vaults)

   [staff of fire]

   Base accuracy: +5 Base damage: 5 Base attack delay: 1.2 This weapon's minimum
   attack delay (0.6) is reached at skill level 12.
   Dex+4:     It affects your dexterity (+4).
   rF+:       It protects you from fire.
   *Corrode:  It may corrode you when you take damage.
   Fire:      It increases the power of your Fire spells.
   It falls into the 'Staves' category.
   It is a one-handed weapon.
 Y - the staff "Disuusun" (weapon) {Str+4 SInv Conj}
   (You found it on level 7 of a ziggurat)

   [staff of conjuration]

   Base accuracy: +5 Base damage: 5 Base attack delay: 1.2 This weapon's minimum
   attack delay (0.6) is reached at skill level 12.
   Str+4:     It affects your strength (+4).
   SInv:      It lets you see invisible.
   Conj:      It increases the power of your Conjurations spells.
   It falls into the 'Staves' category.
   It is a one-handed weapon.
Jewellery
 c - the ring "Mananuam" (left hand) {rElec rPois Dex+6 Stlth-}
   (You found it on level 5 of the Pits of Slime)

   [ring of poison resistance]

   Dex+6:     It affects your dexterity (+6).
   rElec:     It insulates you from electricity.
   rPois:     It protects you from poison Stlth-: It makes you less stealthy.
 w - the ring of Trepidation {Will+ MP+9}
   (You found it on level 10 of a ziggurat)

   [ring of magical power]

   Will+:     It increases your willpower.
   MP+9:      It affects your magic capacity (+9).
 y - a ring of wizardry
 G - an amulet of magic regeneration (around neck)
 P - the ring "Sucosogi" (right hand) {Str+2 Int+6}
   (You found it on level 6 of a ziggurat)

   [ring of intelligence]

   Str+2:     It affects your strength (+2).
   Int+6:     It affects your intelligence (+6).
Talismans
 x - a talisman of death (active)
 W - a granite talisman
Wands
 e - a wand of paralysis (30)
 n - a wand of digging (12)
 H - a wand of light (19)
 O - a wand of iceblast (36)
Scrolls
 i - 5 scrolls of immolation
 p - 6 scrolls of fear
 q - 3 scrolls of amnesia
 r - 12 scrolls of teleportation
 t - 4 scrolls of poison
 z - 5 scrolls of fog
 D - 7 scrolls of vulnerability
 E - a scroll of revelation
 F - a scroll of summoning
 J - 5 scrolls of blinking
 V - a scroll of silence
Potions
 d - 18 potions of heal wounds
 f - 7 potions of ambrosia
 g - 4 potions of haste
 h - 5 potions of brilliance
 k - 11 potions of mutation
 l - 7 potions of might
 m - 7 potions of cancellation
 u - 2 potions of invisibility
 I - 6 potions of lignification
 L - 16 potions of curing
 R - a potion of magic
 S - a potion of resistance
 T - 6 potions of enlightenment
Miscellaneous
 b - a condenser vane (inert)
 v - a phantom mirror
 Q - a box of beasts


   Skills:
 - Level 14.0 Fighting
 - Level 5.0 Armour
 + Level 14.5 Dodging
 - Level 1.4 Stealth
 - Level 24.0 Spellcasting
 - Level 10.0 Conjurations
 - Level 8.0 Summonings
 - Level 20.0 Necromancy
 - Level 9.0 Translocations
 - Level 2.0 Transmutations
 - Level 18.0 Fire Magic
 - Level 5.0 Ice Magic
 - Level 12.0 Earth Magic
 - Level 10.0 Evocations
 - Level 21.0 Shapeshifting


You had 6 spell levels left.
You knew the following spells:

 Your Spells              Type           Power      Damage    Failure   Level
a - Animate Dead          Necr           100%       N/A       0%          4
b - Passwall              Tmut/Erth      64%        N/A       1%          2
c - Stone Arrow           Conj/Erth      100%       3d13      1%          3
d - Leda's Unmaking       Conj/Erth      56%        9d9       1%          6
e - Sandblast             Erth           100%       2d20      0%          1
f - Borgnjor's Vile Clut  Necr/Erth      52%        N/A       1%          5
g - Simulacrum            Ice/Necr       47%        N/A       1%          6
h - Lee's Rapid Deconstr  Erth           46%        3d22*     1%          5
i - Infestation           Necr           56%        N/A       1%          8
j - Haunt                 Necr/Summ      49%        N/A       1%          7
p - Passage of Golubria   Tloc           84%        N/A       1%          4
A - Apportation           Tloc           100%       N/A       0%          1
B - Blink                 Tloc           100%       N/A       1%          2
D - Death Channel         Necr           56%        N/A       1%          6
I - Ignition              Fire           54%        3d15      2%          8

Your spell library contained the following spells:

 Spells                   Type           Power      Damage    Failure   Level
 Foxfire                  Conj/Fire      100%       2x1d9     0%          1
 Necrotise                Necr           100%       1d9       0%          1
 Vampiric Draining        Necr           100%       2d13      0%          3
 Volatile Blastmotes      Fire/Tloc      100%       2d18      0%          3
 Agony                    Necr           100%       N/A       0%          5
 Shock                    Conj/Air       100%       1d9       1%          1
 Summon Small Mammal      Summ           100%       N/A       1%          1
 Cigotuvi's Dreadful Rot  Necr/Pois/Air  100%       N/A       1%          2
 Dazzling Flash           Conj/Hex       100%       N/A       1%          3
 Tukima's Dance           Hex            44%        N/A       1%          3
 Vhi's Electric Charge    Tloc/Air       100%       N/A       1%          3
 Animate Armour           Summ/Erth      100%       N/A       1%          4
 Manifold Assault         Tloc           84%        N/A       1%          4
 Petrify                  Tmut/Erth      77%        N/A       1%          4
 Summon Lightning Spire   Summ/Air       65%        N/A       1%          4
 Iskenderun's Battlesphe  Conj           100%       2d15      1%          5
 Starburst                Conj/Fire      61%        6d16      1%          6
 Arcjolt                  Conj/Air       44%        1d54      2%          5
 Plasma Beam              Fire/Air       42%        2x1d56    2%          6
 Olgreb's Toxic Radiance  Pois           44%        N/A       6%          4
 Yara's Violent Unravell  Hex/Tmut       25%        3d11      11%         5
 Conjure Ball Lightning   Conj/Air       44%        3x3d15    12%         6
 Borgnjor's Revivificati  Necr           56%        N/A       1%          8
 Spellforged Servitor     Conj/Summ      52%        N/A       13%         7
 Death's Door             Necr           56%        N/A       17%         9
 Discord                  Hex            22%        N/A       100%        8
 Maxwell's Capacitive Co  Air            22%        ∞         100%        8
 Chain Lightning          Conj/Air       44%        3d59      100%        9


Dungeon Overview and Level Annotations

Branches:
Dungeon (15/15) Zot: 4049  Temple (1/1) D:4 Zot: 589    Lair (5/5) D:11 Zot: 1888
  Swamp (4/4) Lair:2 Zot: 1784  Spider (4/4) Lair:3 Zot: 1503   Slime (5/5) Lair:5 Zot: 2272
    Orc (2/2) D:11 Zot: 759  Vaults (5/5) D:14 Zot: 1778  Depths (4/4) D:15 Zot: 614
    Zot (4/5) Depths:4 Zot: 1637 Ossuary (visited)          Bailey (visited)
  IceCv (visited)         Gauntlet (visited)
    Elf: Orc:2        Crypt: Vaults:2-3

Altars:
Ashenzari
Cheibriados
Dithmenos
Elyvilon
Fedhas
Gozag
Hepliaklqana
Kikubaaqudgha
Makhleb
Okawaru
Qazlal
Ru
Sif Muna
Trog
Uskayaw
Wu Jian
Xom
Zin
The Shining One
Jiyva

Shops:
D:2 [[   D:3 =   D:14 :   Orc:2 :(!!

Portals:
Hell: Depths:1 Depths:4
Abyss: Depths:3 Depths:4
Pandemonium: Depths:2

Annotations:
Spider:3 exclusion: downstairs
Depths:3 exclusion: downstairs


Innate Abilities, Weirdness & Mutations

You are an undying horror.
Your melee and unarmed attacks drain, slow and weaken victims.
You are immune to unholy pain and torment.
You cannot drink.
You are immune to poison.
You passively map a large area around you.
You are easily found by Zot.
You glow in the dark.
You regain HP and MP as you explore.


Message History

The acid splashes onto your death scarab!
Your death scarab is splashed with acid!
Your death scarab seems to be corroded for longer.
Your death scarab is destroyed!
There is an open door here.
There is an open door, spattered with blood here.
Things that are here:
a +0 short sword; a +0 cloak; a +3 hand axe of electrocution Your death scarab waves its antennae.
You see here a scroll of poison.
Your death scarab is no longer covered in acid. x2
You open the door.
There is an open door here.
Your death scarab is no longer covered in acid.
You swap places.
Danger!
The yellow draconian annihilator misses your death scarab.
Your death scarab bites the yellow draconian annihilator!!
Your death scarab drains the yellow draconian annihilator's vigour!
The yellow draconian annihilator seems to slow down.
Your death scarab draws strength from the yellow draconian annihilator's injuries!
Your death scarab bites the yellow draconian annihilator but does no damage.
Your death scarab bites the yellow draconian annihilator!!
Your death scarab drains the yellow draconian annihilator's vigour!
The yellow draconian annihilator seems to slow down.
Your death scarab draws strength from the yellow draconian annihilator's injuries!
Your death scarab bites the yellow draconian annihilator!!
The yellow draconian annihilator dies!
Kikubaaqudgha accepts your kill.
You feel your dexterity returning.
You swap places.
Your death scarab is no longer covered in acid.
There is an open door here.
There is a broken door, spattered with blood here.
Items here: )) [ †.
Items here: $ ))) [[[[ †.
You swap places.
The purple draconian scorcher roars!
Danger!
Are you sure you want to abandon this character and quit the game? (Confirm with "yes".)

>,,~*,,*~,,,*,,**..#*#...........
**,,*,8*,~~,*****#.# #...........
,,~**,,*,,,~######.# #.......##)#
,,**,,**~,,,#.^....# #..)....'...
***,,**,,~,****##..###.......##.#
,,,,**,,,,** #B)..)).......#...
,,***~,,##** #B###.#.......#.##
***,,,**#..* #B# #.#.......#.#
,,,,*##.#..### #z# #.#.......#.#
#####...*,...# #.# #.#.......#.#
..(.....*###'###'# #)#...(...#.#
....#'***#......)###.#####.#####*
....#.####...q.)##..)###..)##*..,
p...#..qqqBX....#:....#.....#...,
...§'..§##).).q[#,,.#.'.#.#.'.#,,
....###§*#[...).#,....#.....#....
....# *,*#.).?..##...###...###...


You could see a purple draconian scorcher (ally target) and 3 friendly death
scarabs.

Vanquished Creatures
  An ancient lich (Vaults:5)
  An orb of fire (Zot:1)
  A royal mummy (Zig:15)
  4 Killer Klowns
  A curse toe (Zot:3)
  A golden dragon (Zot:4)
  2 Tzitzimimeh
  A bone dragon (Abyss:4)
  4 tentacled monstrosities
  2 Ice Fiends
  2 liches
  A walking earthen tome (Abyss:4)
  6 quicksilver dragons
  A titan (Vaults:5)
  An Executioner (Zig:9)
  An acid blob (shapeshifter) (Zig:8)
  4 death cobs
  An ancient champion (Zig:13)
  A sphinx (Vaults:5)
  2 draconian monks
  4 shadow dragons
  2 tengu reavers (Vaults:5)
  3 storm dragons
  An azure jelly (Slime:1)
  A demonspawn warmonger (Zig:9)
  2 draconian knights
  2 frost giants
  2 emperor scorpions (Zig:16)
  3 vault wardens
  3 draconian scorchers
  A curse skull (Zig:13)
  A ghoul (Zig:13)
  A cacodemon (Abyss:4)
  3 demonspawn corrupters (Zig:14)
  3 draconian stormcallers
  4 draconian shifters
  A draconian annihilator (Zig:2)
  A spriggan defender (Depths:4)
  9 very ugly things
  2 broodmothers (Spider:4)
  A reaper (Zig:9)
  3 stone giants
  2 green draconians (Depths:4)
  3 ophanim (Zig:4)
  3 vampire knights
  An eleionoma (Swamp:1)
  A demonspawn black sun (Zig:9)
  A lorocyproca (Zig:14)
  A red draconian (Zot:3)
  2 black draconians
  3 purple draconians
  A dire elephant (Vaults:3)
  3 white draconians
  5 yellow draconians
  A bunyip (Swamp:1)
  3 eidola (Zig:13)
  2 ettins
  2 blizzard demons (Zig:9)
  A deep elf death mage (Vaults:5)
  4 mummy priests (Zig:15)
  4 fire dragons
  2 green deaths
  5 deep elf high priests
  2 rakshasas
  4 entropy weavers
  5 vault guards (Vaults:5)
  3 yaktaur captains
  A hell beast (Zig:9)
  A hydra (Swamp:4)
  2 ice dragons
  A spriggan air mage (Depths:4)
  An alligator (Swamp:3)
  An ogre mage (Vaults:5)
  3 jorogumos
  A ghost crab (Swamp:1)
  2 two-headed ogres
  3 centaur warriors
  An anaconda (shapeshifter) (Vaults:5)
  A death yak (Lair:5)
  3 boulder beetles (D:11)
  A deep troll shaman (Zig:5)
  2 tengu warriors
  2 satyrs (Zig:10)
  2 death scarabs (Zig:15)
  2 deep troll earth magi
  An orc high priest (Zig:1)
  A shock serpent (shapeshifter) (Zig:8)
  A thrashing horror (Abyss:4)
  4 spriggan berserkers
  A vampire mage (Zig:13)
  Urug (Lair:4)
  3 wretched stars
  A deep elf knight (Zig:5)
  A hell knight (Depths:4)
  3 skeletal warriors (D:15)
  A spriggan rider (Depths:4)
  6 deep trolls
  2 flayed ghosts (Zig:13)
  A sun moth (Zig:16)
  A goliath frog (Lair:5)
  A shadow demon (Zig:14)
  2 orb spiders
  A deep elf archer (Zig:5)
  2 glowing orange brains (Abyss:4)
  A lindwurm (Vaults:4)
  A swamp dragon (Swamp:4)
  A wizard (Vaults:3)
  Pikel (D:7)
  2 ironbound convokers
  An orc knight (D:11)
  3 necromancers
  An ugly thing zombie (D:11)
  2 deep elf pyromancers (Zig:5)
  2 manticores (D:11)
  An oklob plant (D:11)
  A deep elf zephyrmancer (D:15)
  A will-o-the-wisp (Abyss:4)
  4 wolf spiders
  A shining eye (Abyss:4)
  9 ugly things
  An orc sorcerer (Bailey)
  7 moths of wrath
  A cyclops (D:11)
  2 vault sentinels
  4 elephants (Lair:4)
  3 black mambas
  3 smoke demons
  An ice statue (Zig:5)
  6 torpor snails
  4 cane toads
  2 kobold demonologists
  5 komodo dragons
  A tormentor (Zig:14)
  An unseen horror (D:11)
  3 yaktaurs
  2 rime drakes (IceCv)
  3 tengu conjurers
  2 red devils
  4 guardian mummies (Zig:15)
  5 trolls
  A harpy zombie (Abyss:4)
  8 meliai
  A bloated husk (Swamp:2)
  A polar bear (Lair:3)
  4 hornets
  4 tarantellas
  A tyrant leech (Lair:5)
  2 hellwings
  6 blink frogs
  11 slime creatures
  6 jumping spiders
  2 shadows (D:9)
  2 culicivoras (Zig:11)
  A spriggan (Depths:4)
  A water elemental (Depths:1)
  A vampire (D:10)
  A wraith (D:12)
  4 flying skulls
  2 ushabtiu (Zig:15)
  19 yaks
  5 wyverns
  2 basilisks
  A golden eye (Abyss:4)
  Grum (D:11)
  6 vampire mosquitoes
  2 redbacks
  7 chaos spawn
  A spatial vortex (Abyss:4)
  A swamp worm (Swamp:3)
  A warg (Orc:2)
  Menkaure (Ossuary)
  An acid dragon (D:9)
  A floating eye (Abyss:4)
  3 water moccasins
  2 floating eyes (shapeshifter)
  A sky beast (D:7)
  3 black bears
  6 orc warriors
  4 ice beasts
  5 wolves
  11 large abominations (Abyss:4)
  An ogre (D:5)
  8 centaurs
  3 kobold brigands
  7 bullfrogs
  2 gnoll sergeants (D:11)
  An elf skeleton (D:6)
  4 scorpions
  8 small abominations (Abyss:4)
  8 wights (D:8)
  A lindwurm simulacrum (IceCv)
  5 killer bees
  3 howler monkeys
  A yak zombie (D:11)
  4 centaur zombies
  A komodo dragon simulacrum (IceCv)
  6 hounds
  A jelly (D:5)
  A gnoll bouda (D:9)
  4 orc priests
  An iguana (D:5)
  2 sleepcaps
  Crazy Yiuf (D:7)
  A human skeleton (D:6)
  8 orc wizards
  2 ogre zombies (Ossuary)
  15 mummies
  11 gnolls
  4 adders
  A white imp (D:7)
  A steam dragon simulacrum (IceCv)
  3 worms
  4 dart slugs
  35 orcs
  4 ball pythons
  4 endoplasms
  4 giant cockroaches
  A gnoll zombie (Ossuary)
  6 hobgoblins
  2 jackals (D:3)
  4 quokkas
  2 bats
  2 frilled lizards (D:3)
  12 goblins
  A hobgoblin zombie (Ossuary)
  11 kobolds
  3 kobold zombies (Ossuary)
  2 orc zombies
  5 quokka zombies (Ossuary)
  2 rats
  A rat zombie (Ossuary)
  3 starspawn tentacles (Abyss:4)
681 creatures vanquished.

Vanquished Creatures (collateral kills)
  the Royal Jelly (Slime:5)
  An ancient lich (Vaults:5)
  3 dread liches
  5 royal mummies (Zig:15)
  the Lernaean hydra (Swamp:4)
  6 golden dragons
  A Killer Klown (Zig:8)
  2 curse toes (Zot:3)
  A profane servitor (Zig:13)
  A bone dragon (Zig:13)
  3 pandemonium lords
  An Ice Fiend (Zig:14)
  12 tentacled monstrosities
  Jorgrun (D:15)
  2 deep elf master archers (Zig:10)
  A lich (Vaults:5)
  A titan (Vaults:5)
  16 acid blobs
  2 quicksilver dragons
  3 death cobs
  3 tentacled starspawn (Abyss:4)
  6 sphinxes
  An ancient champion (Zig:13)
  2 Executioners
  3 tengu reavers
  9 shadow dragons
  6 storm dragons
  4 fire giants
  2 draconian monks
  11 azure jellies
  Roxanne (Spider:4)
  2 fenstrider witches
  A demonspawn warmonger (Zig:9)
  9 emperor scorpions
  13 rockslimes
  3 draconian knights
  A fire giant (shapeshifter) (Zig:8)
  A balrug (Zig:14)
  2 draconian scorchers
  2 draconian shifters (Zig:12)
  4 frost giants
  7 ghost moths
  10 vault wardens
  10 ironbound preservers
  A reaper (Gauntlet)
  2 spriggan defenders
  A curse skull (Zig:13)
  An orc warlord (Orc:1)
  2 cacodemons (Abyss:4)
  2 draconian annihilators (Zot:4)
  A war gargoyle (Vaults:5)
  3 formless jellyfish (Slime:5)
  8 very ugly things
  2 broodmothers
  6 stone giants
  18 quicksilver oozes
  4 ironbound thunderhulks
  2 green draconians
  Nessos (D:14)
  A demonspawn black sun (Zig:14)
  5 eleionomae
  2 black draconians
  A deep elf demonologist (Vaults:4)
  3 dire elephants
  12 purple draconians
  A minotaur (Gauntlet)
  3 white draconians
  2 lorocyprocas
  8 spark wasps
  4 yellow draconians
  4 bunyips
  2 starcursed masses (Abyss:4)
  A green death (Abyss:4)
  2 ettins
  4 fire dragons (Depths:2)
  2 eidola (Zig:13)
  A shambling mangrove (Swamp:4)
  A mummy priest (Zig:15)
  A merfolk javelineer (Zig:10)
  10 yaktaur captains
  20 vault guards (Vaults:5)
  4 entropy weavers
  9 great orbs of eyes
  A deep elf high priest (Vaults:5)
  3 hell beasts (Zig:14)
  2 ice dragons
  2 jorogumos (Zig:16)
  A spriggan air mage (Depths:2)
  12 hydras
  A radroach (Spider:4)
  A sphinx zombie (D:15)
  2 ogre magi (Vaults:5)
  2 spriggan skeletons (D:15)
  A radroach (shapeshifter) (Vaults:5)
  7 centaur warriors
  A peacekeeper (Vaults:3)
  3 ironbound frosthearts
  A boulder beetle (D:13)
  A dancing weapon (Zig:5)
  3 alligators
  2 two-headed ogres (Vaults:5)
  4 demonic crawlers
  3 death yaks (Lair:5)
  A deep troll shaman (Vaults:5)
  7 thrashing horrors (Abyss:4)
  A vampire mage (Zig:13)
  2 tengu warriors
  4 deep troll earth magi
  2 naga sharpshooters (Zig:10)
  A spriggan berserker (Depths:4)
  A sun demon (Zig:9)
  An orc high priest (Orc:2)
  A hell knight (Vaults:5)
  2 wretched stars (Abyss:4)
  4 iron trolls
  A sixfirhy (Gauntlet)
  A spatial maelstrom (Abyss:4)
  3 skeletal warriors (D:15)
  A glowing orange brain (Depths:4)
  5 pharaoh ants
  A goliath frog (Lair:5)
  A salamander mystic (Depths:2)
  9 orb spiders
  13 large abominations (Abyss:4)
  A cherub (Zig:4)
  15 deep trolls
  A quicksilver dragon simulacrum (Vaults:3)
  A flayed ghost (Depths:2)
  A spriggan rider (Depths:4)
  An orange crystal statue (Zig:5)
  2 obsidian statues (Zig:5)
  10 swamp dragons
  A golden dragon zombie (Zig:15)
  2 wizards
  7 steelbarb worms
  3 phantasmal warriors
  4 bog bodies
  4 harpies
  11 ironbound convokers
  A necromancer (Vaults:3)
  A golden dragon skeleton (Zig:15)
  4 lindwurms
  20 ugly things
  3 manticores
  A will-o-the-wisp (Swamp:1)
  A faun (Zig:10)
  A shadow dragon skeleton (Zig:15)
  An orc knight (Orc:1)
  7 shining eyes
  25 wolf spiders
  4 orc sorcerers (Orc:2)
  A moth of wrath (shapeshifter) (Vaults:5)
  5 salamanders
  8 cyclopes
  A tengu skeleton (Zig:15)
  13 moths of wrath
  An elephant (shapeshifter) (Vaults:5)
  2 ice statues (IceCv)
  9 elephants
  5 vault sentinels
  5 apocalypse crabs
  3 smoke demons (Abyss:4)
  An eye of devastation (Abyss:4)
  A fire giant skeleton (Vaults:3)
  A molten gargoyle (Depths:2)
  A cane toad (shapeshifter) (D:14)
  18 cane toads
  3 torpor snails
  A rime drake (IceCv)
  A yaktaur zombie (Vaults:3)
  2 komodo dragons
  A yaktaur (shapeshifter) (Depths:4)
  2 redback zombies (Spider:4)
  9 yaktaurs
  4 guardian mummies (Zig:15)
  3 freezing wraiths
  A tormentor (Zig:14)
  3 efreet
  4 ancient zymes (Abyss:4)
  2 trolls (Orc:1)
  A wind drake (shapeshifter) (Vaults:5)
  4 meliai
  9 tarantellas
  3 hellwings
  6 hornets
  7 raiju (Abyss:4)
  A tarantella zombie (Spider:4)
  18 blink frogs
  9 tyrant leeches
  9 jumping spiders
  12 culicivoras
  76 slime creatures
  A wraith (Abyss:4)
  2 spriggans (Depths:2)
  A centaur simulacrum (D:15)
  A ynoxinul (Abyss:4)
  4 fire bats
  An ushabti (Zig:15)
  2 golden eyes (Slime:4)
  A wyvern (Lair:4)
  19 yaks
  A chaos spawn (Abyss:4)
  2 fire elementals
  A basilisk (shapeshifter) (D:15)
  10 vampire mosquitoes
  30 redbacks
  A spatial vortex (Abyss:4)
  A human zombie (D:15)
  2 wargs (Orc:1)
  7 swamp worms
  A floating eye (shapeshifter) (Depths:4)
  4 water moccasins
  15 orc warriors
  5 swamp drakes
  A wolf (D:11)
  6 ogres
  9 centaurs
  11 bullfrogs
  An earth elemental (Zig:5)
  A wight (D:8)
  4 small abominations (Abyss:4)
  A killer bee (D:9)
  A howler monkey (D:9)
  An electric eel (Spider:4)
  4 komodo dragon simulacra (IceCv)
  A lava snake (D:14)
  A human simulacrum (Vaults:3)
  20 orc priests
  25 orc wizards
  5 mummies (Zig:15)
  6 gnolls
  7 acid dragon simulacra (IceCv)
  4 ufetubi (Gauntlet)
  A steam dragon simulacrum (IceCv)
  4 worms (Lair:3)
  41 orcs
  2 giant cockroaches (Lair:3)
  A kobold (D:11)
1118 creatures vanquished.

Vanquished Creatures (others)
  A golden dragon (Zot:4)
  2 quicksilver dragons (Zot:4)
  3 acid blobs (Slime:4)
  A sphinx (Zig:15)
  An Executioner (Zig:14)
  An emperor scorpion (Spider:4)
  2 frost giants
  2 rockslimes
  3 fire giants
  An iron dragon (Zig:4)
  2 vault wardens (Vaults:5)
  2 ghost moths
  2 draconian stormcallers (Zot:4)
  2 quicksilver oozes
  2 broodmothers (Spider:4)
  A draconian shifter (Zot:4)
  2 formless jellyfish
  2 draconian annihilators (Zot:4)
  4 ironbound preservers
  2 demonspawn blood saints (Zig:14)
  An ironbound thunderhulk (Vaults:5)
  12 stone giants
  An eleionoma (Swamp:3)
  A deep elf demonologist (Vaults:5)
  2 white draconians
  A red draconian (Zot:3)
  4 spark wasps
  A dire elephant (Vaults:5)
  2 bunyips
  2 yellow draconians
  8 ettins
  3 fire dragons
  2 acid blob zombies (Slime:5)
  A great orb of eyes (Slime:2)
  A hydra (Swamp:1)
  4 ice dragons
  A vault guard (Vaults:5)
  An alligator (Swamp:4)
  An ogre mage (Vaults:5)
  A spriggan air mage (Swamp:4)
  2 centaur warriors (Vaults:3)
  A two-headed ogre (shapeshifter) (Zig:8)
  4 deep troll shamans
  A tengu warrior (Zig:14)
  2 deep troll earth magi
  A spriggan berserker (Swamp:3)
  A hell knight (Zig:8)
  A quicksilver ooze zombie (Slime:5)
  2 bunyip zombies
  3 spark wasp zombies (Spider:4)
  A death drake (shapeshifter) (Vaults:5)
  A goliath frog (Swamp:1)
  A spriggan rider (Swamp:4)
  A lindwurm (Vaults:5)
  A shadow demon (Zig:14)
  An ironbound convoker (Vaults:3)
  A broodmother zombie (Spider:4)
  A wolf spider (Spider:4)
  7 wolf spider zombies (Spider:4)
  An alligator zombie (Swamp:4)
  A necromancer (Zig:15)
  9 moths of wrath
  A torpor snail (Spider:4)
  A vault sentinel (Vaults:5)
  A formless jellyfish zombie (Slime:2)
  A hellion (Zig:14)
  An orb spider zombie (Spider:4)
  2 yaktaurs (Vaults:3)
  A komodo dragon (Lair:4)
  An unseen horror zombie (D:11)
  3 redback zombies (Spider:4)
  A hydra zombie (Swamp:1)
  A bloated husk (Swamp:1)
  3 tyrant leeches
  A large abomination (Abyss:4)
  A moth of wrath zombie (Spider:4)
  4 tarantellas
  A fire dragon zombie (D:11)
  A culicivora zombie (Spider:4)
  3 jumping spider zombies
  3 tarantella zombies (Spider:4)
  8 slime creatures
  3 slime creature zombies
  A slime creature (shapeshifter) (Vaults:1)
  A meliai zombie (Spider:2)
  2 jumping spiders
  2 culicivoras
  A golden eye (Abyss:4)
  A vampire mosquito (Swamp:1)
  A swamp worm (Swamp:2)
  A floating eye (Abyss:4)
  3 hornet zombies (Spider:4)
  A manticore zombie (D:11)
  4 vampire mosquito zombies (Swamp:1)
  2 bullfrogs
  A wyvern zombie (Lair:4)
  A cyclops zombie (D:11)
  A killer bee (D:7)
  A troll zombie (D:11)
  2 yak zombies
  4 bullfrog zombies
  2 killer bee zombies
  An orc (D:7)
  A ball python (D:7)
  A ball python zombie (D:7)
  A giant cockroach zombie (Lair:3)
  2 gnoll zombies (Bailey)
  A goblin zombie (Bailey)
  4 hobgoblin zombies (Bailey)
  2 kobold zombies (D:7)
  5 orc zombies
  2 foxfires (Swamp:1)
  7 starspawn tentacles (Abyss:4)
233 creatures vanquished.

Grand Total: 2032 creatures vanquished

Notes
Turn   | Place    | Note
-------+----------+-------------------------------------------
     0 | D:1      | eye the Meteoran Earth Elementalist began the quest for the
                  | Orb.
     0 | D:1      | Reached XP level 1. HP: 14/14 MP: 5/5
    87 | D:2      | Reached skill level 3 in Spellcasting
   108 | D:2      | Reached XP level 2. HP: 20/20 MP: 2/7
   172 | D:2      | Reached skill level 4 in Spellcasting
   172 | D:2      | Reached XP level 3. HP: 26/26 MP: 6/9
   174 | D:2      | Found Sukkeoh's Armour Shoppe.
   188 | D:2      | Learned a level 2 spell: Passwall
   192 | D:2      | Learned a level 3 spell: Stone Arrow
   251 | D:2      | Found Housm's Antique Armour Boutique.
   260 | D:2      | Reached skill level 1 in Conjurations
   322 | D:3      | Found Leoxtinu's Jewellery Emporium.
   354 | D:4      | Noticed a scorpion
   357 | D:4      | Killed a scorpion
   358 | D:4      | Reached XP level 4. HP: 31/33 MP: 4/11
   358 | D:4      | Reached XP level 5. HP: 36/38 MP: 4/12
   370 | D:4      | Found a staircase to the Ecumenical Temple.
   377 | Temple   | Entered the Ecumenical Temple
   382 | Temple   | Became a worshipper of Kikubaaqudgha
   423 | D:5      | Entered Level 5 of the Dungeon
   426 | D:5      | Noticed a black bear
   431 | D:5      | Reached skill level 5 in Spellcasting
   545 | D:3      | Reached XP level 6. HP: 45/45 MP: 4/15
   605 | D:4      | Reached skill level 6 in Spellcasting
   640 | D:5      | Reached skill level 7 in Spellcasting
   640 | D:5      | Reached XP level 7. HP: 51/51 MP: 10/18
   645 | D:5      | Reached skill level 1 in Fighting
   667 | D:5      | Reached * piety under Kikubaaqudgha
   667 | D:5      | Received a gift from Kikubaaqudgha
   682 | D:5      | Reached skill level 1 in Necromancy
   700 | D:5      | Learned a level 2 spell: Cigotuvi's Dreadful Rot
   705 | D:5      | Learned a level 4 spell: Animate Dead
   785 | D:6      | Reached XP level 8. HP: 61/61 MP: 7/20
   812 | D:6      | Reached skill level 8 in Spellcasting
   883 | D:6      | Found a sand-covered staircase.
   888 | Ossuary  | Entered an ossuary
   995 | Ossuary  | Noticed Menkaure
  1005 | Ossuary  | Killed Menkaure
  1005 | Ossuary  | Reached ** piety under Kikubaaqudgha
  1009 | Ossuary  | Reached skill level 5 in Necromancy
  1021 | Ossuary  | Reached skill level 1 in Evocations
  1102 | Ossuary  | Identified a scroll of acquirement
  1193 | D:5      | Gained mutation: You passively map the area around you.
                  | [Meteoran growth]
  1193 | D:5      | Reached XP level 9. HP: 60/71 MP: 12/22
  1327 | D:2      | Acquired 1203 gold pieces
  1329 | D:2      | Bought a shiny troll leather armour for 594 gold pieces
  1369 | D:2      | Bought a +0 pair of gloves for 49 gold pieces
  1480 | D:3      | Bought a ring of poison resistance for 280 gold pieces
  1480 | D:3      | Bought a ring of see invisible for 210 gold pieces
  1579 | D:6      | Reached skill level 9 in Spellcasting
  1601 | D:7      | Reached *** piety under Kikubaaqudgha
  1601 | D:7      | Received a gift from Kikubaaqudgha
  1636 | D:7      | Found a runed translucent door.
  1637 | D:7      | Noticed Crazy Yiuf
  1642 | D:7      | Killed Crazy Yiuf
  1710 | D:7      | Reached skill level 5 in Earth Magic
  1720 | D:7      | Reached skill level 5 in Conjurations
  1722 | D:7      | Identified the +6 short sword "Qoypem Vuiro" {spect, Dex+3}
  1741 | D:7      | Found a flagged portal.
  1752 | Bailey   | Entered a bailey
  1813 | Bailey   | Noticed an orc sorcerer
  1817 | Bailey   | Killed an orc sorcerer
  1818 | Bailey   | Reached XP level 10. HP: 78/78 MP: 0/24
  1848 | Bailey   | Found an iron altar of Okawaru.
  1848 | Bailey   | Noticed an orc knight
  1848 | Bailey   | Noticed a kobold demonologist
  1851 | Bailey   | Noticed a rust devil
  1962 | D:7      | Noticed Pikel
  1980 | D:7      | Killed Pikel
  1981 | D:7      | Reached skill level 10 in Spellcasting
  1995 | D:7      | Your ally Pikel died
  2043 | D:8      | Reached skill level 11 in Spellcasting
  2074 | D:8      | Reached **** piety under Kikubaaqudgha
  2095 | D:8      | Found the +5 woodcutter's axe
  2190 | D:9      | Found a sacrificial altar of Ru.
  2213 | D:9      | Reached skill level 12 in Spellcasting
  2233 | D:9      | Found a snail-covered altar of Cheibriados.
  2270 | D:9      | Found a blossoming altar of Fedhas.
  2276 | D:9      | Reached skill level 1 in Armour
  2354 | D:10     | Entered Level 10 of the Dungeon
  2476 | D:9      | Reached XP level 11. HP: 85/85 MP: 19/28
  2521 | D:9      | Found an iron altar of Okawaru.
  2665 | D:10     | Reached skill level 5 in Fighting
  2679 | D:10     | Reached skill level 5 in Dodging
  2714 | D:10     | Paralysed by a hornet for 2 turns
  3004 | D:8      | Reached ***** piety under Kikubaaqudgha
  3017 | D:8      | Reached skill level 13 in Spellcasting
  3308 | D:11     | Found a runed translucent door.
  3311 | D:11     | Noticed a boulder beetle
  3315 | D:11     | Noticed a two-headed ogre
  3330 | D:11     | Noticed a manticore
  3339 | D:11     | Noticed a cyclops
  3342 | D:11     | Killed a cyclops
  3344 | D:11     | Killed a manticore
  3345 | D:11     | Reached XP level 12. HP: 94/94 MP: 11/30
  3379 | D:11     | Noticed a boulder beetle
  3402 | D:11     | Killed a boulder beetle
  3403 | D:11     | Reached skill level 10 in Necromancy
  3404 | D:11     | Learned a level 5 spell: Borgnjor's Vile Clutch
  3439 | D:11     | Learned a level 6 spell: Death Channel
  3456 | D:11     | Noticed a fire dragon
  3456 | D:11     | Noticed a boulder beetle
  3499 | D:11     | Reached skill level 10 in Earth Magic
  3503 | D:11     | Killed a boulder beetle
  3509 | D:11     | Found a staircase to the Orcish Mines.
  3511 | D:11     | Killed a fire dragon
  3513 | D:11     | Noticed a boulder beetle
  3522 | D:11     | Killed a boulder beetle
  3537 | D:11     | Found a staircase to the Lair.
  3569 | D:11     | Reached skill level 5 in Armour
  3657 | D:11     | Noticed an orc knight
  3670 | D:11     | Killed an orc knight
  3670 | D:11     | Killed Grum
  3671 | D:11     | Reached XP level 13. HP: 105/105 MP: 2/31
  3680 | D:11     | Identified the +6 great sword of the Seven Dances {elec,
                  | Contam Will+ Dex+6}
  3680 | D:11     | Noticed a rakshasa
  3684 | D:11     | Killed a rakshasa
  3685 | D:11     | Reached skill level 14 in Spellcasting
  3806 | Lair:1   | Entered Level 1 of the Lair of Beasts
  3885 | Lair:2   | Found a staircase to the Swamp.
  3940 | Lair:3   | Reached skill level 15 in Spellcasting
  3971 | Lair:3   | Reached ****** piety under Kikubaaqudgha
  4011 | Lair:4   | Reached skill level 1 in Ice Magic
  4081 | Lair:4   | Reached skill level 5 in Ice Magic
  4084 | Lair:4   | Received a gift from Kikubaaqudgha
  4097 | Lair:4   | Noticed Urug
  4106 | Lair:4   | Killed Urug
  4107 | Lair:4   | Reached XP level 14. HP: 111/115 MP: 25/34
  4155 | Lair:3   | Reached skill level 5 in Evocations
  4180 | Lair:3   | Found a hole to the Spider Nest.
  4252 | Swamp:1  | Entered Level 1 of the Swamp
  4263 | Swamp:1  | Noticed an eleionoma
  4276 | Swamp:1  | Killed an eleionoma
  4277 | Swamp:1  | Noticed a bunyip
  4278 | Swamp:1  | Noticed an eleionoma
  4281 | Swamp:1  | Killed a bunyip
  4282 | Swamp:1  | Killed an eleionoma
  4288 | Swamp:1  | Noticed an eleionoma
  4292 | Swamp:1  | Killed an eleionoma
  4316 | Swamp:1  | Noticed an eleionoma
  4317 | Swamp:1  | Noticed a tentacled monstrosity
  4321 | Swamp:1  | Killed an eleionoma
  4325 | Swamp:1  | Killed a tentacled monstrosity
  4379 | Swamp:3  | Reached skill level 15 in Necromancy
  4396 | Swamp:3  | Acquired the +0 pair of gloves "Soef Mis" {rPois rF++ Int+2
                  | Dex-2}
  4412 | Swamp:3  | Upgraded the game from 0.31-a0-569-g7ea453304b to
                  | 0.31-a0-595-g4209ae197b
  4419 | Swamp:3  | Learned a level 6 spell: Simulacrum
  4428 | Swamp:3  | Noticed a bunyip
  4433 | Swamp:3  | Killed a bunyip
  4434 | Swamp:3  | Reached XP level 15. HP: 121/121 MP: 13/35
  4438 | Swamp:4  | Entered Level 4 of the Swamp
  4438 | Swamp:4  | Noticed a fenstrider witch
  4444 | Swamp:4  | Killed a fenstrider witch
  4525 | Swamp:4  | Noticed the 27-headed Lernaean hydra
  4531 | Swamp:4  | Killed the 27-headed Lernaean hydra
  4533 | Swamp:4  | Reached skill level 10 in Dodging
  4594 | Swamp:4  | Got a decaying rune of Zot
  4673 | Swamp:3  | Noticed a fenstrider witch
  4680 | Swamp:3  | Paralysed by a fenstrider witch for 3 turns
  4683 | Swamp:3  | Killed a fenstrider witch
  4859 | Spider:1 | Entered Level 1 of the Spider Nest
  4868 | Spider:1 | Reached XP level 16. HP: 78/128 MP: 10/36
  5065 | Spider:4 | Entered Level 4 of the Spider Nest
  5065 | Spider:4 | Noticed Roxanne
  5119 | Spider:4 | Noticed an emperor scorpion
  5123 | Spider:4 | Killed an emperor scorpion
  5198 | Spider:4 | Reached skill level 16 in Spellcasting
  5213 | Spider:4 | Reached skill level 10 in Fighting
  5242 | Spider:4 | Killed Roxanne
  5263 | Spider:4 | Reached skill level 1 in Shapeshifting
  5309 | Spider:4 | Reached XP level 17. HP: 140/140 MP: 5/38
  5351 | Spider:4 | Reached skill level 17 in Spellcasting
  5374 | Spider:4 | Reached skill level 5 in Shapeshifting
  5608 | Spider:4 | Got a gossamer rune of Zot
  5772 | Lair:4   | Learned a level 8 spell: Infestation
  5774 | Lair:5   | Entered Level 5 of the Lair of Beasts
  5844 | Lair:5   | Identified the +0 robe of Etsealot {Rampage +Blink rF+}
  5848 | Lair:5   | Identified the +10 orcbow "Newtslayer" {drain, rC+ Dex+4}
  5903 | Lair:5   | Reached skill level 10 in Shapeshifting
  5944 | Lair:5   | Gained mutation: You passively map a large area around you.
                  | [Meteoran growth]
  5944 | Lair:5   | Reached XP level 18. HP: 147/147 MP: 2/40
  5947 | Lair:5   | Found a viscous altar of Jiyva.
  5948 | Lair:5   | Found a staircase to the Slime Pits.
  5987 | Lair:5   | Upgraded the game from 0.31-a0-595-g4209ae197b to
                  | 0.31-a0-600-g62dffe198b
  5989 | Slime:1  | Entered Level 1 of the Pits of Slime
  6189 | Slime:4  | Noticed an acid blob
  6193 | Slime:4  | Killed an acid blob
  6196 | Slime:4  | Noticed an acid blob
  6196 | Slime:4  | Killed an acid blob
  6200 | Slime:4  | Noticed an acid blob
  6203 | Slime:4  | Killed an acid blob
  6204 | Slime:4  | Noticed an acid blob
  6205 | Slime:4  | Noticed an acid blob
  6206 | Slime:4  | Noticed an acid blob
  6208 | Slime:4  | Killed an acid blob
  6209 | Slime:4  | Killed an acid blob
  6211 | Slime:4  | Killed an acid blob
  6214 | Slime:4  | Reached XP level 19. HP: 154/154 MP: 14/41
  6268 | Slime:5  | Entered Level 5 of the Pits of Slime
  6278 | Slime:5  | Noticed an acid blob
  6285 | Slime:5  | Killed an acid blob
  6295 | Slime:5  | Noticed an acid blob
  6303 | Slime:5  | Killed an acid blob
  6305 | Slime:5  | Noticed an acid blob
  6306 | Slime:5  | Noticed an acid blob
  6308 | Slime:5  | Killed an acid blob
  6313 | Slime:5  | Killed an acid blob
  6314 | Slime:5  | Reached skill level 15 in Shapeshifting
  6326 | Slime:5  | Noticed an acid blob
  6330 | Slime:5  | Killed an acid blob
  6330 | Slime:5  | Noticed an acid blob
  6333 | Slime:5  | Killed an acid blob
  6334 | Slime:5  | Noticed an acid blob
  6347 | Slime:5  | Noticed an acid blob
  6350 | Slime:5  | Killed an acid blob
  6351 | Slime:5  | Killed an acid blob
  6363 | Slime:5  | Noticed the Royal Jelly
  6369 | Slime:5  | Found a viscous altar of Jiyva.
  6373 | Slime:5  | Killed the Royal Jelly
  6374 | Slime:5  | Reached skill level 18 in Spellcasting
  6374 | Slime:5  | Noticed an acid blob
  6381 | Slime:5  | Noticed an acid blob
  6385 | Slime:5  | Killed an acid blob
  6435 | Slime:5  | Identified the ring "Mananuam" {rElec rPois Dex+6 Stlth-}
  6461 | Slime:5  | Got a slimy rune of Zot
  6465 | Slime:5  | Identified the +0 helmet of the Orcish Mines {Rampage rN+
                  | SInv}
  6467 | Slime:5  | Identified the +0 scale mail of Sloth {Rampage rF+ Int+3}
  6616 | Lair:5   | Upgraded the game from 0.31-a0-600-g62dffe198b to
                  | 0.31-a0-614-gc85dc1c48c
  6696 | Lair:2   | Reached skill level 10 in Evocations
  6860 | Orc:1    | Entered Level 1 of the Orcish Mines
  6929 | Orc:1    | Found a frozen archway.
  6939 | IceCv    | Entered an ice cave
  6965 | IceCv    | Learned a level 5 spell: Lee's Rapid Deconstruction
  7156 | Orc:2    | Entered Level 2 of the Orcish Mines
  7214 | Orc:2    | Reached XP level 20. HP: 161/161 MP: 37/43
  7219 | Orc:2    | Found Qoopel's Book Shop.
  7221 | Orc:2    | Found Humunif's Antique Weapon Shop.
  7224 | Orc:2    | Found Hahuiff's Distillery.
  7232 | Orc:2    | Found Biaryjus's Distillery.
  7235 | Orc:2    | Bought Great Wizards, Vol. VII for 420 gold pieces
  7235 | Orc:2    | Bought the Unrestrained Analects for 644 gold pieces
  7237 | Orc:2    | Bought a potion of curing for 39 gold pieces
  7237 | Orc:2    | Bought a potion of attraction for 39 gold pieces
  7238 | Orc:2    | Bought a potion of enlightenment for 60 gold pieces
  7238 | Orc:2    | Bought a potion of haste for 120 gold pieces
  7238 | Orc:2    | Bought 2 potions of magic for 192 gold pieces
  7291 | D:11     | Learned a level 4 spell: Passage of Golubria
  7298 | D:12     | Found a gate leading to a gauntlet.
  7310 | D:12     | Reached skill level 1 in Translocations
  7310 | D:12     | Reached skill level 1 in Fire Magic
  7311 | Gauntlet | Entered a Gauntlet
  7311 | Gauntlet | Found a transporter.
  7319 | Gauntlet | Found a transporter.
  7337 | Gauntlet | Found a transporter.
  7345 | Gauntlet | Found a transporter.
  7351 | Gauntlet | Found a transporter.
  7352 | Gauntlet | Found a transporter.
  7362 | Gauntlet | Found a transporter.
  7364 | Gauntlet | Reached skill level 19 in Spellcasting
  7374 | Gauntlet | Identified the +1 cloak of the Carpenter {Fly MP+9 Int+4
                  | Dex-5}
  7407 | Gauntlet | Identified the +1 leather armour of Diasusm {+Blink rElec}
  7407 | Gauntlet | Identified the +2 rapier of the Fox {freeze, rF+ rCorr}
  7588 | D:14     | Found Kaesti's Book Shop.
  7610 | D:14     | Noticed Nessos
  7619 | D:14     | Killed Nessos
  7723 | D:14     | Found a gate to the Vaults.
  7755 | D:15     | Entered Level 15 of the Dungeon
  7933 | D:13     | Reached skill level 5 in Translocations
  7933 | D:13     | Reached skill level 5 in Fire Magic
  8225 | D:14     | Bought a book of Cantrips for 192 gold pieces
  8227 | D:14     | Learned a level 1 spell: Apportation
  8287 | Vaults:1 | Entered Level 1 of the Vaults
  8457 | Vaults:3 | Reached XP level 21. HP: 168/168 MP: 38/45
  8553 | Vaults:5 | Entered Level 5 of the Vaults
  8595 | Vaults:5 | Reached skill level 10 in Fire Magic
  8606 | Vaults:5 | Noticed a tentacled monstrosity
  8613 | Vaults:5 | Killed a tentacled monstrosity
  8655 | Vaults:5 | Noticed a dread lich
  8658 | Vaults:5 | Killed a dread lich
  8664 | Vaults:5 | Reached XP level 22. HP: 174/174 MP: 18/46
  8675 | Vaults:5 | Learned a level 8 spell: Ignition
  8704 | Vaults:5 | Reached skill level 15 in Fire Magic
  8707 | Vaults:5 | Noticed an ancient lich
  8714 | Vaults:5 | Killed an ancient lich
  8740 | Vaults:5 | Noticed an ancient lich
  8825 | Vaults:5 | Killed an ancient lich
  8851 | Vaults:5 | Identified the +7 quarterstaff "Spiderslayer" {flame,
                  | rElec} (You took it off a deep elf death mage on level 5 of
                  | the Vaults)
  8859 | Vaults:5 | Noticed a dread lich
  8881 | Vaults:5 | Killed a dread lich
  8884 | Vaults:5 | Identified the staff of Building Evisceration {*Corrode rF+
                  | Dex+4 Fire}
  8957 | Vaults:5 | Noticed a golden dragon
  8958 | Vaults:5 | Got a silver rune of Zot
  9028 | Vaults:1 | Reached XP level 23. HP: 183/183 MP: 31/47
  9163 | D:15     | Found a staircase to the Depths.
  9170 | D:15     | Noticed Jorgrun
  9178 | D:15     | Killed Jorgrun
  9182 | D:15     | Reached skill level 20 in Spellcasting
  9182 | D:15     | Reached XP level 24. HP: 194/194 MP: 36/48
  9184 | Depths:1 | Entered Level 1 of the Depths
  9229 | Depths:2 | Reached skill level 21 in Spellcasting
  9269 | Depths:4 | Entered Level 4 of the Depths
  9338 | Depths:4 | Found a gateway to Hell.
  9372 | Depths:4 | Found a one-way gate to the infinite horrors of the Abyss.
  9458 | Depths:4 | Identified the +1 leather armour "Wourr" {+Blink Str+6
                  | Slay-5}
  9529 | Depths:3 | Reached skill level 22 in Spellcasting
  9703 | Depths:2 | Found a one-way gate leading to the halls of Pandemonium.
  9787 | Depths:1 | Reached XP level 25. HP: 202/202 MP: 47/50
 10006 | Depths:2 | You fall into a shaft and drop 2 floors!
 10006 | Depths:4 | Noticed a golden dragon
 10006 | Depths:4 | Found an opulent altar of Gozag.
 10011 | Depths:4 | Killed a golden dragon
 10147 | Depths:3 | Found a one-way gateway to a ziggurat.
 10158 | Zig:1    | Entered Level 1 of a ziggurat
 10172 | Zig:2    | Entered Level 2 of a ziggurat
 10191 | Zig:3    | Entered Level 3 of a ziggurat
 10200 | Zig:4    | Entered Level 4 of a ziggurat
 10212 | Zig:4    | Identified the +1 hat "Joid" {Contam rElec rPois rCorr}
 10243 | Zig:5    | Entered Level 5 of a ziggurat
 10275 | Zig:6    | Entered Level 6 of a ziggurat
 10278 | Zig:6    | Noticed a Killer Klown
 10278 | Zig:6    | Noticed a Killer Klown
 10281 | Zig:6    | Killed a Killer Klown
 10282 | Zig:6    | Killed a Killer Klown
 10289 | Zig:6    | Identified the ring "Sucosogi" {Str+2 Int+6}
 10294 | Zig:6    | Identified the +0 robe "Wyloaxud" {Rampage rPois rCorr
                  | Dex-3}
 10308 | Zig:6    | Learned a level 6 spell: Leda's Unmaking
 10310 | Zig:7    | Entered Level 7 of a ziggurat
 10317 | Zig:7    | Noticed a Killer Klown
 10317 | Zig:7    | Noticed Agea the pandemonium lord
 10321 | Zig:7    | Killed a Killer Klown
 10323 | Zig:7    | Killed Agea the pandemonium lord
 10329 | Zig:7    | Identified the staff "Disuusun" {Str+4 SInv Conj}
 10330 | Zig:7    | Identified the +6 dagger "Gifo" {freeze, Str+3}
 10344 | Zig:8    | Entered Level 8 of a ziggurat
 10353 | Zig:8    | Noticed a Killer Klown
 10356 | Zig:8    | Reached skill level 10 in Conjurations
 10360 | Zig:8    | Killed a Killer Klown
 10368 | Zig:8    | Identified the +2 mace of Freehold {freeze, rF+ rN+ Dex+3
                  | Stlth+}
 10377 | Zig:9    | Entered Level 9 of a ziggurat
 10382 | Zig:9    | Noticed Vaphehaf the pandemonium lord
 10387 | Zig:9    | Killed Vaphehaf the pandemonium lord
 10413 | Zig:10   | Entered Level 10 of a ziggurat
 10432 | Zig:10   | Identified the ring "Uvecetho" {Wiz rN+ Will- Str+3}
 10434 | Zig:10   | Identified the ring of Trepidation {Will+ MP+9}
 10449 | Zig:10   | Learned a level 2 spell: Blink
 10452 | Zig:11   | Entered Level 11 of a ziggurat
 10493 | Zig:12   | Entered Level 12 of a ziggurat
 10503 | Zig:12   | Reached XP level 26. HP: 217/217 MP: 7/50
 10515 | Zig:12   | Identified the +4 long sword "Bumigol" {heavy, +Blink rC-
                  | rN+++ Int-2}
 10516 | Zig:12   | Identified the +0 morningstar of Capital Punishment {flame,
                  | rC+ Int+2 Stlth-}
 10521 | Zig:13   | Entered Level 13 of a ziggurat
 10535 | Zig:13   | Noticed a dread lich
 10539 | Zig:13   | Killed a dread lich
 10551 | Zig:14   | Entered Level 14 of a ziggurat
 10570 | Zig:14   | Noticed Ocoa the pandemonium lord
 10576 | Zig:14   | Killed Ocoa the pandemonium lord
 10585 | Zig:14   | Found the sphere of Battle
 10605 | Zig:15   | Entered Level 15 of a ziggurat
 10615 | Zig:15   | Noticed a royal mummy
 10615 | Zig:15   | Noticed a royal mummy
 10618 | Zig:15   | Noticed a royal mummy
 10620 | Zig:15   | Killed a royal mummy
 10620 | Zig:15   | Noticed a royal mummy
 10622 | Zig:15   | Killed a royal mummy
 10622 | Zig:15   | Noticed a royal mummy
 10623 | Zig:15   | Noticed a royal mummy
 10624 | Zig:15   | Killed a royal mummy
 10625 | Zig:15   | Killed a royal mummy
 10627 | Zig:15   | Killed a royal mummy
 10629 | Zig:15   | Killed a royal mummy
 10640 | Zig:15   | Identified the +6 broad axe "Ywaal" {heavy, Drain Str+4}
 10642 | Zig:15   | Identified the +2 robe "Luban" {*Slow rPois rF- Dex+9}
 10650 | Zig:15   | Got Sif Muna's Parchment of Fumes
 10653 | Zig:16   | Entered Level 16 of a ziggurat
 10671 | Zig:16   | Reached XP level 27. HP: 224/224 MP: 6/50
 10881 | Depths:4 | Voluntarily entered the Abyss.
 10896 | Abyss:2  | Found a corrupted altar of Lugonu.
 10904 | Abyss:3  | Found a corrupted altar of Lugonu.
 11195 | Abyss:4  | Got an abyssal rune of Zot
 11214 | Depths:4 | Escaped the Abyss
 11217 | Depths:4 | Reached skill level 23 in Spellcasting
 11244 | Depths:4 | Found a gate to the Realm of Zot.
 11251 | Zot:1    | Entered Level 1 of the Realm of Zot
 11348 | Zot:1    | Noticed an orb of fire
 11378 | Zot:1    | Killed an orb of fire
 11406 | Zot:1    | Learned a level 7 spell: Haunt
 11412 | Zot:2    | Reached skill level 1 in Summonings
 11450 | Zot:3    | Noticed a curse toe
 11458 | Zot:3    | Killed a curse toe
 11468 | Zot:3    | Noticed a curse toe
 11474 | Zot:3    | Killed a curse toe
 11496 | Zot:3    | Noticed a curse toe
 11504 | Zot:3    | Killed a curse toe
 11597 | Zot:4    | Reached skill level 24 in Spellcasting
 11597 | Zot:4    | Reached skill level 5 in Summonings
 11605 | Zot:4    | Noticed an orb of fire
 11608 | Zot:4    | Noticed a Killer Klown
 11794 | Zot:4    | Noticed a Killer Klown
 11803 | Zot:4    | Killed a Killer Klown
 12000 | Zot:4    | Quit the game

Illustrated notes

Levels and vault maps discovered:
D:1:      kennysheep_arrival_seaside, layout_rooms
D:2:      layout_basic, serial_shops, nicolae_shop_just_a_little_nook,
          nicolae_shop_hallway_stairs, shop, nicolae_shop_hallway_stairs,
          basic_altar, kennysheep_donut, kennysheep_another_room
D:3:      kennysheep_goblin_castle, layout_basic, serial_shops,
          nicolae_shop_rolling_square, uniq_jessica
D:4:      layout_cave_pods, kennysheep_mini_moat, nemelex_diamond_rough_becter,
          minmay_temple_entry_wispy, uniq_ijyb
D:5:      layout_cave_pools, palyth_stone_intersect
D:6:      layout_loops_ring, nicolae_overflow_crystal_walls,
          nicolae_ossuary_entry_catacombs, hangedman_abyss_or_decor_stagger,
          grunt_ministairs_2, corexii_corridor_pit
D:7:      layout_rooms, enter_bailey_7, uniq_pikel, uniq_crazy_yiuf_cottage
D:8:      wad_pebble_path, layout_cave_pods
D:9:      layout_rooms, lemuel_coloured_pillars_altar,
          nicolae_ru_great_annihilating_truth, slow_altar_2, fedhas_altar_2
D:10:     layout_gridville
D:11:     minmay_the_grid_triangle_9x9_recursive_2
          [minmay_the_grid_triangle_9x9_prize_schism,
          minmay_the_grid_triangle_9x9_from_above,
          minmay_the_grid_triangle_9x9_flanged_cone,
          minmay_the_grid_triangle_9x9_subtriangle], layout_basic,
          dpeg_oklobed_lair, orc_0_dummy, uniq_grum, uniq_erica
D:12:     layout_small_grid, gauntlet_entry_generic, uniq_snorg, uniq_frances
D:13:     layout_roguey
D:14:     layout_basic, hellmonk_vaults_attempted_burglary, serial_shops,
          nicolae_shop_tiny_real_fake_doors, nicolae_shop_mannequins,
          kennysheep_generic_room_7, uniq_nessos
D:15:     gammafunk_depths_entry_grave, layout_long_grid, minivault_4,
          kennysheep_two_boxes, uniq_jorgrun
Temple:   minmay_freezing_vapour_temple
Lair:1:   layout_regular_city, serial_bayou_shore_b
Lair:2:   layout_layer_cave, swamp_mist_pool, serial_bayou_shore_b,
          serial_bayou_shore_b, infiniplex_staircase_pool_2
Lair:3:   layout_roguey, nicolae_spider_entry_non_spiders,
          infiniplex_staircase_pool
Lair:4:   layout_hall_layers, chequers_serial_rivers_small_a, uniq_urug
Lair:5:   minmay_lair_end_frog_pond, layout_layer_cave, slime_entry_1
Swamp:1:  layout_falls_marsh, evilmike_swamp_ruin_house_6
Swamp:2:  layout_basic_swamp, serial_swamp_ruin, hangedman_swamp_ruin_hall,
          evilmike_swamp_ruin_wall, evilmike_swamp_ruin_rubble_1, swamp_pool1,
          uniq_donald
Swamp:3:  layout_falls_marsh, evilmike_swamp_ruin_house_3
Swamp:4:  swamp_old_school, layout_basic_swamp, swamp_pool4
Spider:1: nicolae_spider_hilbert_zone_2 [nicolae_spider_hilbert_4_sides_1_open,
          nicolae_spider_hilbert_4_sides_1_open,
          nicolae_spider_hilbert_4_sides_1_open,
          nicolae_spider_hilbert_4_sides_1_open,
          nicolae_spider_hilbert_6_sides_1_open,
          nicolae_spider_hilbert_6_sides_1_open,
          nicolae_spider_hilbert_3_sides_1_open,
          nicolae_spider_hilbert_3_sides_1_open,
          nicolae_spider_hilbert_3_sides_1_open,
          nicolae_spider_hilbert_3_sides_1_open,
          nicolae_spider_hilbert_6_sides_1_open,
          nicolae_spider_hilbert_6_sides_1_open,
          nicolae_spider_hilbert_6_sides_1_open,
          nicolae_spider_hilbert_6_sides_1_open], hellmonk_narrow_tunnel
Spider:2: layout_cave_pods
Spider:3: nicolae_spider_obnoxious_hallway, hangedman_spider_tarantella_strand
Spider:4: guppyfry_spider_rune, dreamdust_wasp_nest, uniq_roxanne
Slime:1:  layout_caves
Slime:2:  layout_caves
Slime:3:  layout_caves
Slime:4:  layout_caves, special_room [special_room_jelly]
Slime:5:  slime_pit_nicolae_royal_road_to_ruin
Orc:1:    layout_caves, portal_ice_cave_entry_pillars_1, serial_shops,
          nicolae_shop_behind_doors
Orc:2:    st_orc_mages, layout_diamond_mine, basic_altar, serial_shops,
          nicolae_shop_just_a_little_nook
Vaults:1: portal_desolation_entry_holy_temple, nicolae_vaults_tetromino_L_2,
          vaults_room_boxed, vaults_standard_mumra_x,
          nicolae_vaults_antechamber_and_loot_room, vaults_room_door_hall,
          nicolae_vaults_trapezoid_layered, nicolae_vaults_turnstiles,
          vaults_dpeg_emergency_exit, layout_vaults_omnigrid
Vaults:2: nicolae_vaults_what_the_h, nicolae_vaults_three_branches,
          minmay_crypt_entry_simple_walls, nicolae_vaults_trapezoid_4,
          v_misc_31, grunt_vaults_funnel, vaults_room_semicircle,
          v_alt_pattern_3, grunt_vaults_diagonal, ontoclasm_vaults_eye,
          nicolae_vaults_display_case, ontoclasm_vaults_bender,
          layout_vaults_omnicross
Vaults:3: nicolae_vaults_network_periphery, nicolae_vaults_back_hallway,
          nicolae_vaults_meeting, nicolae_vaults_wrenched, vaults_dpeg_doors,
          nicolae_vaults_closet_pinwheel_2, v_misc_29, vaults_mumra_hex,
          nicolae_vaults_tetromino_T_1, hangedman_vaults_corner_blocks,
          nicolae_vaults_trapezoid_lopsided_1, v_misc_26, layout_vaults_maze
Vaults:4: nicolae_vaults_surprise_closet, v_pattern_3, st_lattice,
          nicolae_vaults_network_barrier, vaults_room_pool,
          hangedman_vaults_stagger, nicolae_vaults_surprise_closet,
          nicolae_vaults_ninety_degrees, ontoclasm_vaults_ligature,
          ontoclasm_vaults_shuriken, layout_vaults_omnibox, uniq_mennas,
          uniq_xtahua
Vaults:5
Depths:1: minmay_box_of_statues, layout_gridville, hell_entry,
          rand_demon_pan_entry_8, nicolae_trove_entry_free_sample, special_room
          [special_room_magic_class], nicolae_figureground_pulse,
          serial_bayou_shore_a
Depths:2: minmay_angry_zag, layout_basic, abyss_entry_small_statue_room,
          serial_bayou_pond_e, rand_demon_pan_entry_9, hell_entry,
          hex_intersection
Depths:3: kennysheep_large_vault, layout_basic, enter_ziggurat_f, serial_glass,
          glass_columns_a, glass_columns_a, glass_columns_c, glass_columns_c,
          glass_columns_a, glass_columns_c, glass_columns_a, glass_columns_a,
          glass_columns_c, glass_columns_b, glass_columns_a, glass_columns_b,
          glass_columns_a, glass_columns_c, hell_entry, abyss_entry
Depths:4: grunt_zot_entry_pinwheel, layout_basic, grunt_hell_entry_dis_grunt,
          abyss_entry, grunt_gozag_statues, grunt_ministairs_8
Zot:1:    layout_onion_interference, grunt_megastairs_5, uniq_josephina
Zot:2:    hellmonk_crystal_mountain, layout_misc_corridors
Zot:3:    layout_onion_interference, grunt_ministairs_3, nrook_zot_tub,
          uniq_grunn
Zot:4:    cheibrodos_zot_enchanting_chambers, layout_gridlike, nzn_random_ring

Skill      XL: |  1  2  3  4  5  6  7  8  9 10 11 12 13 14 15 16 17 18 19 20 21 22 23 24 25 26 27 |
---------------+----------------------------------------------------------------------------------+-----
Spellcasting   | 3 4 5 7 8 9 12 13 15 16 17 18 19 20 22 24 | 24.0
Earth Magic    | 4 5 8 10 12 | 12.0
Conjurations   | 3 5 6 7 10 | 10.0
Fighting       | 2 4 5 7 8 10 11 12 14 | 14.0
Dodging        | 3 5 6 10 12 13 14 | 14.5
Necromancy     | 2 5 7 8 9 10 12 15 17 18 19 20 | 20.0
Evocations     | 2 3 4 7 10 | 10.0
Transmutations | 2 |  2.0
Armour         | 2 3 5 |  5.0
Ice Magic      | 5 |  5.0
Shapeshifting  | 2 10 13 15 19 21 | 21.0
Translocations | 7 9 |  9.0
Fire Magic     | 7 13 18 | 18.0
Summonings     | 8 |  8.0
Stealth        | |  1.4

Action                     |  1- 3 |  4- 6 |  7- 9 | 10-12 | 13-15 | 16-18 | 19-21 | 22-24 | 25-27 || total
---------------------------+-------+-------+-------+-------+-------+-------+-------+-------+-------++-------
  Melee: Unarmed           |       |       |     1 |       |       |       |       |       |       ||     1
         Staff             |       |       |       |    11 |     1 |     7 |    10 |     5 |     9 ||    43
         Punch             |       |       |       |     1 |       |       |       |       |       ||     1
         Battleaxe         |       |       |       |     2 |     6 |       |       |       |       ||     8
  Throw: Throwing net      |       |       |       |       |       |       |     1 |       |       ||     1
   Cast: Sandblast         |    33 |    15 |   112 |    73 |    14 |       |     3 |       |       ||   250
         Passwall          |     6 |     4 |    15 |    42 |     4 |       |    55 |    33 |    49 ||   208
         Stone Arrow       |     1 |    16 |    57 |   121 |    82 |    28 |    72 |    29 |     9 ||   415
         Animate Dead      |       |       |     2 |    11 |    10 |     4 |     1 |       |       ||    28
         Borgnjor's Vile C |       |       |       |     5 |    32 |    27 |    43 |    24 |    17 ||   148
         Death Channel     |       |       |       |     3 |    14 |    17 |    16 |    15 |    26 ||    91
         Simulacrum        |       |       |       |       |    19 |    95 |    25 |       |       ||   139
         Cigotuvi's Dreadf |       |       |       |       |     1 |       |       |       |       ||     1
         Infestation       |       |       |       |       |       |       |    74 |    50 |    93 ||   217
         Lee's Rapid Decon |       |       |       |       |       |       |     4 |     7 |     4 ||    15
         Passage of Golubr |       |       |       |       |       |       |    47 |    81 |    25 ||   153
         Apportation       |       |       |       |       |       |       |     7 |    25 |    72 ||   104
         Ignition          |       |       |       |       |       |       |       |    21 |    98 ||   119
         Leda's Unmaking   |       |       |       |       |       |       |       |       |    40 ||    40
         Haunt             |       |       |       |       |       |       |       |       |     5 ||     5
 Invoke: Unearth Wretches  |       |       |       |     1 |     7 |     8 |     7 |     8 |    24 ||    55
         Receive Forbidden |       |       |       |       |     1 |       |       |       |       ||     1
  Evoke: Wand              |       |       |     6 |     6 |     2 |     3 |     2 |       |    11 ||    30
         Condenser vane    |       |       |       |       |       |       |       |     1 |     1 ||     2
    Use: Scroll            |       |       |     7 |     7 |     5 |     1 |    13 |     4 |    15 ||    52
         Potion            |       |       |       |     1 |       |       |     2 |     1 |     7 ||    11
   Stab: Paralysed         |       |       |       |     1 |       |     4 |     2 |     1 |     1 ||     9
         Invisible         |       |       |       |     1 |       |       |       |       |       ||     1
         Distracted        |       |       |       |       |       |       |     1 |     1 |       ||     2
 Armour: Robe              |       |       |    10 |       |       |       |       |       |       ||    10
         Troll leather arm |       |       |    21 |    50 |    52 |    39 |       |       |    21 ||   183
         Skin              |       |       |       |       |       |       |   109 |    69 |    88 ||   266
  Dodge: Dodged            |     3 |    11 |    60 |   120 |    98 |    88 |   294 |   169 |   335 ||  1178
   Form: Statue            |       |       |       |       |       |       |     1 |       |       ||     1
         Death             |       |       |       |       |       |       |       |       |     1 ||     1

Table legend: (Time is in decaauts)
 A = Elapsed time spent in this place.
 B = Non-inter-level travel time spent in this place.
 C = Inter-level travel time spent in this place.
 D = Time resting spent in this place.
 E = Time spent auto-exploring this place.
 F = Levels seen in this place.
 G = Mean time per level.
                   A        B        C        D        E       F      G
               +--------+--------+--------+--------+--------+-----+--------+
         Total |  14672 |  14012 |    660 |      0 |      0 |  73 |  201.0 |
       Dungeon |   4950 |   4587 |    363 |      0 |      0 |  15 |  330.0 |
        Temple |     10 |     10 |      0 |      0 |      0 |   1 |   10.0 |
          Lair |   1111 |   1092 |     19 |      0 |      0 |   5 |  222.2 |
         Swamp |    615 |    568 |     47 |      0 |      0 |   4 |  153.8 |
   Spider Nest |    896 |    780 |    116 |      0 |      0 |   4 |  224.0 |
    Slime Pits |    727 |    680 |     47 |      0 |      0 |   5 |  145.4 |
  Orcish Mines |    440 |    418 |     22 |      0 |      0 |   2 |  220.0 |
        Vaults |   1221 |   1221 |      0 |      0 |      0 |   5 |  244.2 |
        Depths |   1785 |   1740 |     45 |      0 |      0 |   4 |  446.2 |
           Zot |    762 |    762 |      0 |      0 |      0 |   4 |  190.5 |
         Abyss |    500 |    500 |      0 |      0 |      0 |   4 |  125.0 |
      Ziggurat |    792 |    792 |      0 |      0 |      0 |  16 |   49.5 |
       Ossuary |    234 |    234 |      0 |      0 |      0 |   1 |  234.0 |
        Bailey |    196 |    196 |      0 |      0 |      0 |   1 |  196.0 |
      Ice Cave |    269 |    269 |      0 |      0 |      0 |   1 |  269.0 |
      Gauntlet |    157 |    157 |      0 |      0 |      0 |   1 |  157.0 |
               +--------+--------+--------+--------+--------+-----+--------+

Top non-repeatable levels by time:
Depths:4: 769 daAuts
    D:11: 721 daAuts
Vaults:5: 607 daAuts
Spider:4: 589 daAuts
    D:10: 522 daAuts
    D:14: 483 daAuts
 Abyss:4: 455 daAuts
Depths:2: 453 daAuts
     D:8: 408 daAuts
   Zot:4: 407 daAuts
 Slime:5: 390 daAuts
    D:13: 380 daAuts
     D:9: 339 daAuts
    D:12: 321 daAuts
     D:7: 318 daAuts
